 Dungeon Sprint DCSS version 0.16.1-28-gcc2312f (webtiles) character file.

342 Kidiri the Basher (level 7, -4/72 HPs)
             Began as a Troll Berserker on May 28, 2015.
             Was a High Priest of Trog.
             Slain by a guardian mummy (25 damage)
             ... in the Dungeon (Sprint VI: "Thunderdome").
             The game lasted 00:12:16 (813 turns).

Kidiri the Basher (Troll Berserker)                  Turns: 813, Time: 00:12:16

Health: -4/72      AC:  6    Str: 28    XL:     7   Next: 56%
Magic:  3/3        EV: 11    Int:  3    God:    Trog [*****.]
Gold:   370        SH:  0    Dex:  9    Spells: 0 memorised, 6 levels left

rFire  . . .     SeeInvis .     p - +9 giant club (antimagic)
rCold  . . .     Clarity  .     o - +1 robe {rN+}
rNeg   + . .     SustAb   .     (shield restricted)
rPois  +         Gourm    +     (helmet restricted)
rElec  .         Spirit   .     (no cloak)
rCorr  .         Warding  .     (gloves unavailable)
rMut   .         NoTele   +     (boots unavailable)
MR     .....                    (no amulet)
Stlth  +.........               (no ring)
                                q - ring of poison resistance

@: not resistant to hostile enchantments, very unstealthy
A: unfitting armour, claws 3, fast metabolism 3, gourmand, regeneration 2,
shaggy fur 1, tough skin 2
a: Burn Spellbooks, Berserk, Trog's Hand, Brothers in Arms, Renounce Religion
}: 1/15 runes: decaying


You were in the Dungeon.
You worshipped Trog.
Trog was extremely pleased with you.
You were not hungry.

You visited 1 branch You collected 670 gold pieces.
You spent 300 gold pieces at shops.

Inventory:

Hand weapons
 a - a +0 mace
 p - a +9 antimagic giant club (weapon)
Armour
 b - a +0 animal skin
 o - a +1 robe of positive energy (worn)
Jewellery
 q - a ring of poison resistance (left claw)
Magical devices
 j - a wand of cold (0)
 k - a wand of fire (4)
 n - a wand of slowing (0)
 r - a wand of hasting (4)
Scrolls
 i - 4 scrolls of blinking
 l - 3 scrolls of fog
Potions
 d - a potion of curing
 e - 2 potions of heal wounds
 f - 4 potions of haste
 g - 2 potions of magic
 h - a potion of berserk rage
 m - a potion of resistance
 s - a potion of experience


   Skills:
 + Level 5.4 Fighting
 * Level 8.3 Maces & Flails
 * Level 7.2 Armour
 + Level 5.0 Dodging
 * Level 7.0 Evocations


You had 6 spell levels left.
You didn't know any spells.

Dungeon Overview and Level Annotations

Branches:
Dungeon (1/1)

Altars:
Cheibriados
Dithmenos
Fedhas
Gozag
Kikubaaqudgha
Makhleb
Okawaru
Qazlal
Ru
Sif Muna
Trog
Vehumet
Xom
Yredelemnul
Zin
The Shining One
Jiyva
Lugonu

Shops:
D *[%??*?*:[((!!!!


Innate Abilities, Weirdness & Mutations

You are too large for most types of armour.
You have claws for hands.
Your metabolism is lightning-fast.
You like to eat raw meat.
You heal very quickly.
You are covered in fur (AC +1).
You have very tough skin (AC +2).


Message History

There are no items here.
A guardian mummy comes into view.
A guardian mummy comes into view.
The guardian mummy hits you!
You pound the guardian mummy like an anvil!!!
You destroy the guardian mummy!
You feel extremely nervous for a moment...
You convulse helplessly as pain tears through your body!
Your Maces & Flails skill increases to level 8!
Your Armour skill increases to level 7!
Your Dodging skill increases to level 5!
Your Evocations skill increases to level 7!
A mummy comes into view.
The guardian mummy hits you.
You completely miss the guardian mummy. The guardian mummy hits you!!
* * * LOW HITPOINT WARNING * * *
You sock the guardian mummy!
The guardian mummy is moderately damaged.
The guardian mummy hits you!!
You die...

#....(..._# #....(..._#
#_.)....._# ###(...(....###
#⌠...........⌠#
######.8.........8.######
##∩__.....()###.......__∩#
###∩..M..)..8.# #.8.)......∩
##..)......M@..###...........
#⌠..........###...###.)......
#⌠..........# #.<.# #........
#⌠%.........###...###........
##.............###...........
###∩........8.# #.8........∩
##∩___......###......__.∩#
######.8.....[.).8.######
#⌠...........⌠#


You could see a guardian mummy and a mummy.

Vanquished Creatures
  A guardian mummy (D)
  Sigmund (D)
  An orc priest (D)
  Ijyb (D)
  Jessica (D)
  A giant mite (D)
  A worm (D)
  A hobgoblin (D)
  8 kobolds (D)
  A rat (D)
17 creatures vanquished.

Vanquished Creatures (collateral kills)
  A wizard (D)
  4 orc priests (D)
5 creatures vanquished.

Grand Total: 22 creatures vanquished

Notes
Turn   | Place    | Note
--------------------------------------------------------------
     0 | D        | Kidiri, the Troll Berserker, began the quest for the Orb.
     0 | D        | Reached XP level 1. HP: 22/22 MP: 1/1
     1 | D        | Found a stormy altar of Qazlal.
     2 | D        | Found a shimmering altar of Xom.
     2 | D        | Found an opulent altar of Gozag.
     3 | D        | Found a bloodstained altar of Trog.
     3 | D        | Found a basalt altar of Yredelemnul.
     4 | D        | Found an iron altar of Okawaru.
     4 | D        | Found Igralaitt's Staff Store.
     4 | D        | Found Laagobbe's Must-Have Magic.
     5 | D        | Found Xoloucel's Distillery.
     5 | D        | Round 1.
     8 | D        | Found Brin's Magic Scroll Shop.
    10 | D        | Found Fiec's Magic Scroll Shop.
    27 | D        | Found Aleal's Distillery.
    30 | D        | Found a viscous altar of Jiyva.
    31 | D        | Found Threucavi's Bottled Wisdom.
    31 | D        | Found a burning altar of Makhleb.
    33 | D        | Found Lycvorha's Do-It-Yourself Clinic.
    46 | D        | Found a glowing golden altar of the Shining One.
    48 | D        | Found a corrupted altar of Lugonu.
    48 | D        | Found a shadowy altar of Dithmenos.
    48 | D        | Found Waufaleu's Weapon Rack.
    48 | D        | Found Hopuonel's Basic Armour.
    50 | D        | Found a sacrificial altar of Ru.
    50 | D        | Found Ciakleq's Miscellaneous Merchandise.
    51 | D        | Found a blossoming altar of Fedhas.
    52 | D        | Found Sodeytao's Premium Goods.
    56 | D        | Noticed Sigmund
    67 | D        | Killed Sigmund
    67 | D        | Reached skill level 3 in Fighting
    67 | D        | Reached skill level 4 in Maces & Flails
    67 | D        | Reached XP level 2. HP: 20/31 MP: 2/2
    67 | D        | Reached XP level 3. HP: 23/37 MP: 3/3
    67 | D        | Reached XP level 4. HP: 28/45 MP: 4/4
    80 | D        | Acquired Trog's second power
   105 | D        | Noticed Jessica
   106 | D        | Found a radiant altar of Vehumet.
   108 | D        | Found a deep blue altar of Sif Muna.
   108 | D        | Found a glowing silver altar of Zin.
   109 | D        | Found Twunelulu's Identification Station.
   112 | D        | Killed Jessica
   121 | D        | Arena points: 12 (+12) [x2]
   148 | D        | Found Zaic's Advanced Armour.
   151 | D        | Found Wevemekh's Jewellery.
   151 | D        | Found a snail-covered altar of Cheibriados.
   152 | D        | Found an ancient bone altar of Kikubaaqudgha.
   153 | D        | Found Twaucarph's Bee Food.
   158 | D        | Round 2.
   185 | D        | Acquired Trog's third power
   261 | D        | Noticed Ijyb
   271 | D        | Noticed a big kobold
   277 | D        | Killed Ijyb
   277 | D        | Reached skill level 5 in Maces & Flails
   282 | D        | Arena points: 22 (+10) [x1]
   297 | D        | Round 3.
   304 | D        | Reached XP level 5. HP: 41/54 MP: 5/5
   330 | D        | Reached skill level 5 in Armour
   351 | D        | Reached skill level 6 in Maces & Flails
   351 | D        | Arena points: 58 (+36) [x2]
   366 | D        | Round 4.
   407 | D        | HP: 1/54 [something (26)]
   426 | D        | Received a gift from Trog
   503 | D        | Arena points: 142 (+84) [x3]
   548 | D        | Bought an uncursed ring of poison resistance for 300 gold pieces
   562 | D        | Round 5.
   592 | D        | Noticed a witch
   598 | D        | Noticed a six-headed hydra
   598 | D        | Killed a witch
   598 | D        | Arena points: 342 (+200) [x5]
   598 | D        | Reached skill level 5 in Fighting
   598 | D        | Reached skill level 7 in Maces & Flails
   598 | D        | Reached XP level 6. HP: 66/66 MP: 3/9
   598 | D        | Reached XP level 7. HP: 72/72 MP: 3/10
   599 | D        | Got a decaying rune of Zot
   798 | D        | Round 6.
   805 | D        | Noticed a guardian mummy
   808 | D        | Noticed a guardian mummy
   809 | D        | Killed a guardian mummy
   809 | D        | Reached skill level 8 in Maces & Flails
   809 | D        | Reached skill level 5 in Dodging
   813 | D        | Slain by a guardian mummy

Action                   |  1- 3 |  4- 6 |  7- 9 || total
-------------------------+-------+-------+-------++-------
Melee: Mace              |     9 |    60 |       ||    69
       Giant club        |       |     2 |     3 ||     5
Invok: Berserk           |     1 |     2 |       ||     3
       Brothers in Arms  |       |     2 |       ||     2
       Trog's Hand       |       |     1 |       ||     1
Evoke: Wand              |       |     6 |       ||     6
  Use: Potion            |       |     2 |       ||     2
  Eat: Meat ration       |       |     1 |     1 ||     2
